Map: Jagannatha LE

Players

HeroMarine - Winner!

  • Race: Terran Terran
  • League: Master
  • Spawn Location: 1:00

AGOElazer (Elazer)

  • Race: Zerg Zerg
  • League: Master
  • Spawn Location: 7:00

VOD

Have the link to the VOD?

Description

Time

  • Played on: Sept. 27, 2020, 5:45 p.m.
  • Length: 8:35
Show
View Real Time Build Order
Export as new Build Order

HeroMarine Terran - Winner!

Build Orders: Reaper Expand 

Get SALT Encoding   

  12  0:00  SCV  
  13  0:13  SCV  
  14  0:17  Supply Depot  
  14  0:25  SCV  
  15  0:38  SCV  
  15  0:40  Barracks  
  16  0:43  Refinery  
  16  0:51  SCV  
  17  1:03  SCV  
  18  1:15  SCV  
  19  1:27  Orbital Command, Reaper  
  20  1:38  Command Center  
  20  1:47  Supply Depot  
  20  1:52  SCV  
  21  1:59  Marine  
  22  2:05  SCV  
  23  2:10  Factory  
  23  2:17  SCV  
  23  2:22  Barracks Reactor  
  24  2:29  SCV  
  25  2:40  Command Center  
  25  2:41  SCV  
  26  2:50  Orbital Command  
  26  2:53  SCV  
  27  3:01  Barracks  
  27  3:05  SCV  
  28  3:07  Barracks Tech Lab  
  28  3:09  Hellion  
  28  3:10  Hellion  
  32  3:17  SCV  
  32  3:18  SCV  
  34  3:27  Stimpack, Marine  
  34  3:29  SCV  
  34  3:30  SCV  
  37  3:34  Barracks  
  37  3:41  Refinery, SCV  
  37  3:42  Factory Reactor, SCV  
  37  3:44  Marine  
  40  3:53  Engineering Bay, SCV  
  40  3:54  Orbital Command, SCV  
  42  3:58  Marine  
  42  3:59  Marine  
  42  4:02  Marine  
  44  4:06  SCV  
  44  4:07  SCV  
  47  4:10  Refinery  
  47  4:16  Marine x2  
  49  4:18  SCV  
  49  4:19  SCV  
  49  4:20  Starport, Marine  
  49  4:23  Terran Infantry Weapons Level 1  
  52  4:28  SCV  
  52  4:30  SCV  
  54  4:32  SCV  
  54  4:36  Supply Depot  
  54  4:38  Supply Depot, Marine x3  
  55  4:39  Factory Reactor  
  55  4:40  SCV  
  55  4:42  SCV  
  55  4:44  SCV  
  60  4:46  Marine  
  61  4:57  Orbital Command, Marine  
  61  4:59  Marine  
  61  5:00  Supply Depot, SCV x2  
  61  5:02  Marine x2  
  61  5:04  Marine  
  61  5:06  Supply Depot  
  67  5:12  Barracks x2, Combat Shield, SCV x2  
  69  5:15  Marine  
  70  5:21  Medivac x2  
  70  5:24  Missile Turret, SCV x2  
  70  5:28  SCV, Missile Turret  
  77  5:31  Factory Tech Lab  
  77  5:34  Missile Turret  
  77  5:36  SCV x2  
  77  5:37  Marine x2  
  77  5:38  Marine  
  77  5:40  Marine, SCV  
  77  5:41  Marine  
  85  5:45  Bunker  
  85  5:48  SCV x2  
  87  5:50  Siege Tank  
  87  5:52  SCV  
  89  5:58  Missile Turret  
  89  5:59  Supply Depot  
  89  6:00  SCV  
  89  6:02  Supply Depot, SCV  
  89  6:03  Barracks Reactor  
  89  6:04  Barracks Reactor  
  91  6:05  SCV  
  91  6:08  Supply Depot  
  92  6:13  SCV  
  92  6:18  Terran Infantry Armor Level 1  
  93  6:19  Refinery  
  93  6:20  Marine  
  93  6:21  Marine x4, SCV x2  
  93  6:22  Supply Depot  
  93  6:24  Siege Tank  
  93  6:25  SCV  
  104  6:33  SCV x2  
  104  6:37  SCV  
  104  6:38  Marine x4  
  104  6:39  Marine x2  
  111  6:40  Marine  
  111  6:44  Marine x2  
  111  6:46  Medivac x2  
  119  6:56  Marine x4  
  119  6:58  Barracks  
  119  6:59  Barracks x2  
  119  7:00  Marine  
  119  7:01  Supply Depot  
  121  7:02  Supply Depot  
  121  7:05  Marine x2, Armory  
  121  7:06  Engineering Bay  
  121  7:08  Refinery, Marine  
  124  7:23  SCV  
  124  7:24  Supply Depot, SCV x2  
  124  7:26  Siege Tank, Marine x2  
  124  7:27  Medivac x2  
  124  7:29  Refinery  
  136  7:31  Marine x2  
  136  7:32  Supply Depot  
  136  7:33  Supply Depot  
  138  7:38  Marine x3, Armory  
  138  7:43  Supply Depot  
  141  7:46  Marine x5  
  141  7:48  Marine  
  141  7:49  Marine  
  141  7:50  Marine  
  149  7:53  Marine  
  149  7:56  Marine x3  
  149  7:57  Supply Depot  
  153  8:03  Marine x5  
  154  8:06  Marine x2  
  154  8:08  Marine  
  154  8:11  Marine  
  154  8:14  Marine x3  
Show
View Real Time Build Order
Export as new Build Order

AGOElazer Zerg 

Build Orders: Hatch First, Muta Ling Bane 

Get SALT Encoding   

  12  0:00  Drone  
  13  0:12  Overlord  
  13  0:16  Drone  
  14  0:30  Drone x2  
  16  0:47  Hatchery  
  15  0:51  Drone  
  15  0:54  Drone  
  17  0:58  Drone  
  18  1:08  Extractor  
  17  1:13  Spawning Pool  
  17  1:16  Drone  
  17  1:20  Drone  
  18  1:27  Drone  
  19  1:38  Drone  
  20  1:49  Drone  
  21  1:59  Queen x2  
  21  2:00  Zergling x2  
  21  2:01  Overlord  
  26  2:10  Zergling x2  
  26  2:11  Metabolic Boost, Drone  
  28  2:23  Drone x2  
  30  2:32  Drone x2  
  31  2:38  Queen x2  
  36  2:44  Drone  
  36  2:46  Overlord  
  36  2:55  Overlord  
  36  3:05  Drone x3  
  39  3:12  Drone x5  
  44  3:14  Drone  
  45  3:23  Drone x2  
  47  3:29  Hatchery  
  46  3:34  Lair  
  46  3:36  Overlord  
  46  3:38  Extractor  
  45  3:44  Drone x3  
  48  3:49  Drone  
  48  3:50  Drone x2  
  48  3:52  Drone  
  48  3:53  Extractor  
  48  3:54  Extractor, Drone x2  
  52  3:56  Drone x2  
  52  4:02  Queen  
  56  4:06  Baneling Nest  
  56  4:08  Overlord  
  54  4:10  Drone  
  55  4:17  Drone x2  
  55  4:20  Drone x2  
  59  4:33  Overseer  
  59  4:36  Spire, Zergling x2  
  59  4:37  Zergling x8  
  63  4:39  Overlord  
  63  4:44  Drone x2  
  65  4:47  Queen  
  65  4:51  Centrifical Hooks, Drone  
  68  4:56  Drone x4  
  72  5:00  Overlord  
  72  5:02  Drone x2  
  72  5:05  Drone  
  75  5:08  Extractor  
  75  5:10  Extractor  
  75  5:13  Drone x3  
  76  5:20  Drone x3  
  79  5:28  Drone x4  
  83  5:29  Hatchery  
  83  5:33  Overlord  
  82  5:36  Drone  
  83  5:43  Drone x2  
  83  5:46  Overlord  
  83  5:49  Mutalisk  
  85  5:50  Mutalisk  
  85  5:53  Mutalisk x4  
  97  5:57  Overlord  
  97  6:02  Evolution Chamber  
  97  6:03  Zergling x2  
  97  6:04  Evolution Chamber  
  97  6:05  Mutalisk x2  
  97  6:07  Zergling x8  
  104  6:14  Zerg Flyer Weapons Level 1  
  104  6:17  Overlord  
  104  6:18  Zergling x4  
  106  6:26  Baneling x10  
  106  6:27  Zergling x4  
  106  6:30  Zergling x8  
  112  6:38  Zergling x12  
  116  6:47  Overlord  
  114  6:48  Zergling x6  
  110  6:56  Mutalisk x4  
  117  7:02  Drone  
  117  7:03  Drone x3  
  121  7:12  Overseer  
  121  7:13  Pneumatized Carapace  
  121  7:14  Drone x4  
  125  7:21  Drone x9  
  132  7:27  Overlord  
  132  7:29  Mutalisk x2  
  134  7:31  Overlord x2  
  136  7:37  Overseer  
  136  7:43  Baneling, Hatchery  
  136  7:44  Baneling x9  
  134  7:47  Zergling x12  
  140  7:53  Zergling x20  
  140  7:57  Baneling x9  
  145  8:00  Zergling x4  
  145  8:01  Zergling x4  
  145  8:05  Zergling x6  
  150  8:11  Zergling x8  
  154  8:17  Zergling x10  
Tags
 
Add a new tag
Caveats
  • Supply blocks, unpowered buildings, or Contaminate may cause inaccurate times.
  • Supply counts are checked every 10 seconds.